 Dungeon Crawl Stone Soup version 0.18.1-1-g2f07953 (webtiles) character file.

142 skk the Shield-Bearer (level 5, -3/33 HPs)
             Began as a Gargoyle Fighter on May 6, 2016.
             Slain by Waocios the naga
             ... wielding a +3 dire flail of venom
             ... created by the player character
              (12 damage)
             ... on level 3 of the Dungeon.
             The game lasted 00:05:23 (3084 turns).

skk the Shield-Bearer (Gargoyle Fighter)            Turns: 3084, Time: 00:05:24

Health: -3/33      AC: 12    Str: 26    XL:     5   Next: 24%
Magic:  5/5        EV:  5    Int:  8    God:
Gold:   146        SH: 10    Dex:  9    Spells: 0 memorised, 4 levels left

rFire  . . .     SeeInvis .     a - +1 flail
rCold  . . .     Gourm    .     b - +0 scale mail
rNeg   + . .     Faith    .     c - +0 shield
rPois  ∞         Spirit   .     p - +0 helmet
rElec  +         Dismiss  .     (no cloak)
rCorr  .         Reflect  .     (no gloves)
SustAt .         Harm     .     (no boots)
MR     .....     Rnd*Tele +     (no amulet)
Stlth  ..........               o - ring of teleportation (curse)
                                e - ring of flight

@: mighty, flying, constricted, not resistant to hostile enchantments, extremely
unstealthy
A: negative energy resistance 1, electricity resistance, unbreathing,
petrification resistance, rot immunity, AC +4
a: no special abilities


You were on level 3 of the Dungeon.
You were hungry.

You visited 1 branch of the dungeon, and saw 3 of its levels.

You collected 146 gold pieces.

Inventory:

Hand Weapons
 a - a +1 flail (weapon)
Armour
 b - a +0 scale mail (worn)
 c - a +0 shield (worn)
 p - a +0 helmet (worn)
Jewellery
 e - a ring of flight (left hand)
 o - a cursed ring of teleportation (right hand)
Scrolls
 h - a scroll of amnesia
 j - a scroll of fog
 k - 3 scrolls of teleportation
 n - 2 scrolls of recharging
 r - a scroll of remove curse
Potions
 d - a potion of might
 i - a potion of curing
 l - a potion of brilliance
Miscellaneous
 m - a plain deck of wonders {drawn: 6}
Comestibles
 f - a bread ration
 g - 2 meat rations


   Skills:
 + Level 4.0 Fighting
 + Level 2.4 Maces & Flails
 + Level 4.1 Armour
 + Level 1.0 Dodging
 + Level 0.2 Stealth
 * Level 4.6 Shields


You had 4 spell levels left.
You didn't know any spells.

Dungeon Overview and Level Annotations

Branches:
Dungeon (3/15)

Altars:
Cheibriados
Nemelex Xobeh
Trog
Yredelemnul


Innate Abilities, Weirdness & Mutations

You are resistant to torment.
Your stone body is resilient (AC +4).
You are immune to poison.
You resist negative energy.
You are resistant to electric shocks.
You can survive without breathing.
You are immune to petrification.
You are immune to rotting.


Message History

Waocios constricts you.
You hit Waocios but do no damage. Waocios spits poison at you.
The splash of poison hits you! You resist. Waocios constricts you.
You hit Waocios.
Waocios is moderately wounded.
Waocios spits poison at you. The splash of poison hits you! You resist.
Waocios constricts you.
You closely miss Waocios.
Waocios is moderately wounded.
You block Waocios's attack. Waocios constricts you.
Waocios hits you with a dire flail of venom.
* * * LOW HITPOINT WARNING * * *
Waocios constricts you.
Drink which item? (? for menu, Esc to quit)
It was a potion of flight.
You feel very buoyant.
You fly up into the air.
Waocios hits you with a dire flail of venom!
You die...

............#.......?..# #...#...
.......................###.......
..>.........#............#.......
.....########..........#.#.......
....## #.........#######.........
...## #.........................
..## #.........###.....####....
.#################...##### #....
................@N.### #....
.################### ##### ##


You could see Waocios the naga.

Vanquished Creatures
  A big kobold (D:3)
  3 adders
  4 gnolls
  An ooze (D:1)
  A worm (D:2)
  3 dart slugs
  3 giant geckos
  An orc (D:3)
  8 bats
  2 giant cockroaches
  2 goblins (D:1)
  6 hobgoblins
  7 jackals (D:2)
  A quokka (D:3)
  7 giant newts
  4 kobolds
  10 rats
64 creatures vanquished.

Notes
Turn   | Place    | Note
--------------------------------------------------------------
     0 | D:1      | skk the Gargoyle Fighter began the quest for the Orb.
     0 | D:1      | Reached XP level 1. HP: 14/14 MP: 1/1
   177 | D:1      | Reached XP level 2. HP: 19/19 MP: 2/2
   647 | D:2      | Reached XP level 3. HP: 24/24 MP: 3/3
   848 | D:2      | Found a basalt altar of Yredelemnul.
  1172 | D:2      | Reached XP level 4. HP: 21/29 MP: 4/4
  1499 | D:1      | HP: 1/29 [gnoll/halberd (4)]
  1984 | D:2      | Found a sparkling altar of Nemelex Xobeh.
  2414 | D:2      | Found a snail-covered altar of Cheibriados.
  2598 | D:3      | Reached XP level 5. HP: 26/33 MP: 5/5
  2632 | D:3      | Noticed a moth of wrath
  2635 | D:3      | Found a bloodstained altar of Trog.
  2715 | D:3      | Found a sparkling altar of Nemelex Xobeh.
  2761 | D:3      | Drew Focus: Str increased to 21, Int decreased to 8
  2763 | D:3      | Noticed Qatzut
  2854 | D:3      | Reached skill level 1 in Dodging
  2874 | D:3      | Killed Qatzut the big kobold
  3076 | D:3      | Noticed Waocios
  3084 | D:3      | Slain by Waocios the naga

Skill      XL: |  1  2  3  4  5 |
---------------+----------------+-----
Shields        | 4 |  4.6
Armour         | 4 |  4.1
Fighting       | 4 |  4.0
Dodging        | 1 |  1.0
Maces & Flails | |  2.4
Stealth        | |  0.2

Action                   |  1- 3 |  4- 6 || total
-------------------------+-------+-------++-------
Melee: Flail             |   116 |   175 ||   291
Evoke: Deck              |       |     6 ||     6
  Use: Scroll            |     5 |     3 ||     8
       Potion            |       |     5 ||     5
  Eat: Chunk             |     1 |     1 ||     2
       Meat ration       |       |     1 ||     1
Armor: Scale mail        |    54 |   113 ||   167
Dodge: Dodged            |    32 |    52 ||    84
Block: Shield            |    74 |   105 ||   179
